 Dungeon Crawl Stone Soup version 0.30.0-18-gc0e69614cb (webtiles) character file.

Game seed: 12320144344129415760

96217 javelincjr the Fighter (level 15, -2/116 HPs)
             Began as a Demonspawn Fire Elementalist on May 22, 2023.
             Was a High Priest of Sif Muna.
             Slain by a +2 battleaxe of holy wrath (30 damage)
             ... on level 1 of the Elven Halls on May 23, 2023.
             The game lasted 03:10:26 (23663 turns).

javelincjr the Fighter (DsFE)                      Turns: 23663, Time: 03:10:27

Health: -2/116     AC: 13    Str: 10    XL:     15   Next: 68%
Magic:  19/43      EV: 12    Int: 23    God:    Sif Muna [*****.]
Gold:   1289       SH: 19    Dex: 10    Spells: 1/33 levels left

rFire   + . .        X - +10 rapier of the Doomed Warrior {drain, Dex+2 Stlth+}
rCold   + . .        l - +7 kite shield of Yesterday {rN+ MP+9 Dex-5 SInv}
rNeg    + . .        F - +0 troll leather armour {Pargi}
rPois   +            K - +1 hat {Stlth+}
rElec   .            C - scarf {rC+ rF+}
rCorr   .            d - +1 pair of gloves {Stlth+}
SInv    +            (no boots)
Will    +....        q - amulet of reflection
Stlth   +++++        P - ring of wizardry
HPRegen 1.99/turn    c - ring of magical power
MPRegen 0.28/turn

%: reflection, wizardry (x1)
@: no status effects
A: hooves 2, slimy green scales 3, spiny 3, demonic magic 2, low MP 1, mutation
resistance 1, regeneration 1
a: Renounce Religion, Channel Magic, Forget Spell, Divine Exegesis


You were on level 1 of the Elven Halls.
You worshipped Sif Muna.
Sif Muna was extremely pleased with you.
You visited 5 branches of the dungeon, and saw 22 of its levels.
You also visited: Sewer, Bailey and Gauntlet.

You collected 2269 gold pieces.
You spent 980 gold pieces at shops.

Inventory:

Hand Weapons
 X - the +10 rapier of the Doomed Warrior (weapon) {drain, Dex+2 Stlth+}
   (You found it on level 10 of the Dungeon)

   Dex:       It affects your dexterity (+2).
   Stlth:     It makes you more stealthy.
Armour
 d - a +1 pair of gloves of stealth (worn)
 l - the +7 kite shield of Yesterday (worn) {rN+ MP+9 Dex-5 SInv}
   (You acquired it on level 2 of the Orcish Mines)

   Dex:       It affects your dexterity (-5).
   rN:        It protects you from negative energy.
   MP:        It affects your magic capacity (+9).
   SInv:      It lets you see invisible.
 C - a scarf of resistance (worn)
 F - a +0 troll leather armour (worn) {Pargi}
 K - a +1 hat of stealth (worn)
 U - a +0 kite shield
Jewellery
 c - a ring of magical power (right hand)
 q - an amulet of reflection (around neck)
 P - a ring of wizardry (left hand)
Wands
 r - a wand of polymorph (18)
 w - a wand of flame (25)
 z - a wand of iceblast (20)
 M - a wand of charming (8)
 O - a wand of mindburst (10)
Scrolls
 f - 9 scrolls of teleportation
 g - a scroll of magic mapping
 k - a scroll of enchant weapon
 n - 4 scrolls of amnesia
 o - 2 scrolls of poison
 u - 3 scrolls of fear
 y - 4 scrolls of immolation
 A - 3 scrolls of fog
 I - 6 scrolls of identify
 S - 2 scrolls of butterflies
 Z - a scroll of torment
Potions
 a - a potion of resistance
 b - 3 potions of magic
 e - 5 potions of might
 h - 4 potions of cancellation
 i - 2 potions of heal wounds
 j - 11 potions of curing
 s - 6 potions of lignification
 t - 3 potions of flight
 v - 7 potions of mutation
 D - a potion of berserk rage
 E - 3 potions of ambrosia
 G - 2 potions of brilliance
 W - a potion of haste


   Skills:
 + Level 10.3 Fighting
 - Level 7.6(8.4) Short Blades
 + Level 5.5(7.4) Long Blades
 - Level 9.4 Armour
 + Level 9.6 Dodging
 + Level 2.6 Stealth
 * Level 1.5 Shields
 + Level 9.8 Spellcasting
 + Level 10.1 Conjurations
 + Level 9.7 Fire Magic
 + Level 6.5 Air Magic
 + Level 10.1 Invocations


You had one spell level left.
You knew the following spells:

 Your Spells              Type           Power      Damage    Failure   Level
a - Foxfire               Conj/Fire      100%       2x1d9     1%          1
b - Scorch                Fire           100%       2d9       1%          2
c - Volatile Blastmotes   Fire/Tloc      66%        2d15      6%          3
d - Flame Wave            Conj/Fire      54%        2d13      2%          4
e - Plasma Beam           Fire/Air       24%        2x1d39    58%         6
f - Sticky Flame          Conj/Fire      54%        2d7       2%          4
g - Fireball              Conj/Fire      27%        3d12      7%          5
h - Blink                 Tloc           22%        N/A       22%         2
i - Arcjolt               Conj/Air       24%        1d34      13%         5

Your spell library contained the following spells:

 Spells                   Type           Power      Damage    Failure   Level
 Shock                    Conj/Air       100%       1d9       1%          1
 Apportation              Tloc           22%        N/A       16%         1
 Necrotise                Necr           44%        1d6       16%         1
 Sandblast                Erth           22%        2d7       16%         1
 Slow                     Hex            44%        N/A       16%         1
 Summon Small Mammal      Summ           44%        N/A       16%         1
 Searing Ray              Conj           100%       2d8       1%          2
 Momentum Strike          Conj/Tloc      68%        3d9       2%          2
 Swiftness                Air            41%        N/A       3%          3
 Mephitic Cloud           Conj/Pois/Air  36%        N/A       4%          3
 Poisonous Vapours        Pois/Air       52%        N/A       6%          2
 Inner Flame              Hex/Fire       33%        N/A       6%          3
 Stone Arrow              Conj/Erth      68%        3d11      6%          3
 Airstrike                Air            20%        2d(3-19)  11%         4
 Vhi's Electric Charge    Tloc/Air       52%        N/A       12%         3
 Passwall                 Tmut/Erth      9%         N/A       22%         2
 Sublimation of Blood     Necr           11%        N/A       22%         2
 Call Canine Familiar     Summ           11%        N/A       38%         3
 Gell's Gravitas          Tloc           11%        N/A       38%         3
 Portal Projectile        Hex/Tloc       22%        N/A       38%         3
 Teleport Other           Tloc           11%        N/A       38%         3
 Vampiric Draining        Necr           11%        2d6       38%         3
 Freezing Cloud           Conj/Ice/Air   18%        6-21      38%         5
 Irradiate                Conj/Tmut      17%        3d17      43%         5
 Leda's Liquefaction      Hex/Erth       5%         N/A       78%         4
 Petrify                  Tmut/Erth      11%        N/A       78%         4
 Summon Mana Viper        Hex/Summ       11%        N/A       98%         5
 Death Channel            Necr           5%         N/A       100%        6
 Dispersal                Tloc           5%         N/A       100%        6
 Eringya's Noxious Bog    Tmut/Pois      5%         N/A       100%        6
 Enfeeble                 Hex            5%         N/A       100%        7
 Necromutation            Tmut/Necr      5%         N/A       100%        8
 Chain Lightning          Conj/Air       24%        3d32      100%        9
 Death's Door             Necr           5%         N/A       100%        9
 Fire Storm               Conj/Fire      27%        8d7       100%        9


Dungeon Overview and Level Annotations

Branches:
Dungeon (13/15)            Temple (1/1) D:6            Lair (5/5) D:10
 Shoals (0/4) Lair:2        Snake (0/4) Lair:3        Slime (0/5) Lair:4
    Orc (2/2) D:10            Elf (1/3) Orc:2         Sewer (visited)
 Bailey (visited)         Gauntlet (visited)
 Vaults: D:13-14

Altars:
Ashenzari
Cheibriados
Dithmenos
Fedhas
Gozag
Hepliaklqana
Kikubaaqudgha
Makhleb
Nemelex Xobeh
Okawaru
Qazlal
Ru
Sif Muna
Trog
Uskayaw
Vehumet
Wu Jian
Xom
Yredelemnul
Jiyva

Shops:
D:1 !   D:4 (   D:5 (   D:10 :*   Orc:2 ?!(:!


Innate Abilities, Weirdness & Mutations

You have hoof-like feet.
You are completely covered in slimy green scales. (AC +4, rPois)
You are completely covered in sharp spines.
Spells you cast may paralyse nearby enemies.
Your magical capacity is low. (-10% MP)
You are somewhat resistant to further mutation.
Your natural rate of healing is unusually fast.


Message History

The +1 trident of flaming is heavily damaged.
You feel yourself speed up.
The +1 trident of flaming barely misses you.
You block the +1 trident of flaming's attack. x2
You closely miss the +1 trident of flaming.
You kick the +1 trident of flaming, but do no damage.
The +1 trident of flaming is moderately damaged.
The +1 trident of flaming barely misses you.
The deep elf zephyrmancer points at you and mumbles some strange words.
The bolt of lightning hits the +2 battleaxe of holy wrath.
The +2 battleaxe of holy wrath completely resists.
The bolt of lightning misses the +1 trident of flaming.
The bolt of lightning hits you!!
You hear a shout!
Unknown command.
You hit the +1 trident of flaming.
You kick the +1 trident of flaming, but do no damage.
The +1 trident of flaming is severely damaged.
The +1 trident of flaming is struck by your spines.
The +1 trident of flaming hits you but does no damage.
You block the +1 trident of flaming's attack.
The deep elf zephyrmancer casts a spell at you.
The bolt of lightning hits the +2 battleaxe of holy wrath.
The +2 battleaxe of holy wrath completely resists.
The bolt of lightning misses the +1 trident of flaming.
The bolt of lightning misses you.
You hear a shout! x2
You puncture the +1 trident of flaming!
The +1 trident of flaming falls from the air.
Sif Muna accepts your kill.
The deep elf zephyrmancer points at you and mumbles some strange words.
The bolt of lightning misses the +2 battleaxe of holy wrath.
The bolt of lightning hits you!!
You hear a shout!
You barely miss the +2 battleaxe of holy wrath.
Your kick misses the +2 battleaxe of holy wrath.
The +2 battleaxe of holy wrath hits you!!
* * * LOW HITPOINT WARNING * * *
You convulse!!
You die...

######.##
#).....ee
##)# #.e#
##.# #)#
#.# #(#
#@# #.#
#.#
#.######
#..<...#
######.#


You could see a deep elf zephyrmancer and a +2 battleaxe of holy wrath.

Vanquished Creatures
  Rupert (Orc:2)
  Gastronok (D:7)
  Donald (Orc:2)
  A deep elf elementalist (Elf:1)
  Nessos (D:12)
  A minotaur (Gauntlet)
  A dire elephant (Lair:4)
  Snorg (D:10)
  Josephine (Orc:2)
  Fannar (D:12)
  6 hydras
  A catoblepas (D:13)
  A centaur warrior (D:13)
  2 ogre magi (Orc:2)
  A merfolk avatar (Lair:5)
  The ghost of adizb the Protected, a novice AtFi of Cheibriados (Orc:2)
  A boulder beetle (D:12)
  6 two-headed ogres
  2 dancing weapons
  A tengu warrior (Gauntlet)
  An orc high priest (Orc:2)
  2 deep elf knights (Elf:1)
  Lodul (D:12)
  A skyshark (Lair:5)
  2 sea snakes (Lair:5)
  A deep elf archer (Elf:1)
  A wolf spider zombie (D:12)
  5 orc knights
  A lindwurm (Lair:3)
  9 orc sorcerers (Orc:2)
  3 deep elf pyromancers
  5 oklob plants (Lair:4)
  3 cyclopes
  4 ugly things
  2 manticores
  24 elephants
  6 black mambas
  A merfolk siren (Lair:2)
  A torpor snail (Lair:5)
  11 centaur zombies (D:12)
  Maurice (D:8)
  6 gargoyles
  10 cane toads
  4 rime drakes
  Maggie (D:7)
  2 kobold demonologists (D:11)
  A rime drake (shapeshifter) (D:13)
  13 komodo dragons
  2 tengu conjurers (Gauntlet)
  An ice devil (Gauntlet)
  3 unseen horrors
  A polar bear (Lair:5)
  4 hornets
  7 trolls
  A tyrant leech (Gauntlet)
  14 blink frogs
  A wind drake (Lair:5)
  9 dream sheep
  8 slime creatures
  A shadow (D:10)
  6 wraiths
  5 wyverns
  35 yaks
  2 basilisks (Lair:2)
  5 steam dragons
  2 swamp worms (Gauntlet)
  5 wargs
  3 acid dragons
  12 water moccasins
  Pargi (Sewer)
  23 orc warriors
  A black bear (D:6)
  2 ice beasts
  A sky beast (D:6)
  15 ogres
  9 wolves
  5 centaurs
  A phantom (D:5)
  A kobold brigand (D:6)
  2 gnoll sergeants
  2 scorpions
  10 bullfrogs
  5 wights (D:6)
  A gnoll bouda (D:6)
  2 hounds (D:5)
  12 orc priests
  2 jellies
  A sleepcap (D:5)
  Ijyb (D:3)
  A boggart zombie (D:12)
  4 iguanas
  28 orc wizards
  7 hell rats
  14 gnolls
  8 adders
  A shadow imp (D:7)
  3 white imps
  2 worms (D:5)
  2 dart slugs
  64 orcs
  4 ball pythons
  8 bats
  4 endoplasms
  2 giant cockroaches
  9 goblins
  7 hobgoblins
  4 jackals
  6 kobolds
  5 quokkas
  13 frilled lizards
  6 rats
580 creatures vanquished.

Vanquished Creatures (collateral kills)
  23 foxfires
23 creatures vanquished.

Vanquished Creatures (others)
  An orc priest (Orc:2)
  753 foxfires
754 creatures vanquished.

Grand Total: 1357 creatures vanquished

Notes
Turn   | Place    | Note
-------+----------+-------------------------------------------
     0 | D:1      | javelincjr the Demonspawn Fire Elementalist began the quest
                  | for the Orb.
     0 | D:1      | Reached XP level 1. HP: 13/13 MP: 3/3
   163 | D:1      | Gained mutation: Spells you cast may paralyse adjacent
                  | enemies. [demonic ancestry]
   163 | D:1      | Reached XP level 2. HP: 14/19 MP: 1/5
   341 | D:1      | Found a faded altar of an unknown god.
   481 | D:1      | Found Zonnaos's Distillery.
   790 | D:1      | Reached XP level 3. HP: 24/24 MP: 3/6
  1304 | D:2      | Reached skill level 1 in Armour
  1389 | D:2      | Learned a level 2 spell: Scorch
  1521 | D:2      | Identified the +1 short sword "Kaunuphogg" {venom, rElec
                  | Dex+3}
  1576 | D:2      | Reached skill level 1 in Fighting
  1576 | D:2      | Reached XP level 4. HP: 32/32 MP: 1/7
  2415 | D:3      | Noticed Ijyb
  2429 | D:3      | Killed Ijyb
  3021 | D:4      | Found Semmuo's Weapon Shop.
  3388 | D:4      | Gained mutation: You are partially covered in sharp spines.
                  | [demonic ancestry]
  3388 | D:4      | Reached XP level 5. HP: 22/37 MP: 2/8
  3943 | D:5      | Entered Level 5 of the Dungeon
  3981 | D:5      | Reached skill level 1 in Short Blades
  4004 | D:5      | Gained mutation: You are mostly covered in sharp spines.
                  | [demonic ancestry]
  4004 | D:5      | Reached XP level 6. HP: 37/44 MP: 0/10
  4031 | D:5      | Noticed an ice beast
  4089 | D:5      | Killed an ice beast
  4137 | D:5      | Gained mutation: You are partially covered in slimy green
                  | scales. (AC +2) [demonic ancestry]
  4137 | D:5      | Reached XP level 7. HP: 51/51 MP: 4/11
  4245 | D:5      | Found a glowing drain.
  4259 | Sewer    | Entered a sewer
  4368 | Sewer    | Noticed Pargi
  4374 | Sewer    | Killed Pargi
  4825 | D:5      | Found Diotza's Firing Range.
  4982 | D:6      | Found a staircase to the Ecumenical Temple.
  5014 | Temple   | Entered the Ecumenical Temple
  5017 | Temple   | Became a worshipper of Sif Muna the Loreminder
  5096 | Temple   | Gained mutation: Your spells are a little easier to cast,
                  | but a little less powerful. [potion of mutation]
  5096 | Temple   | Gained mutation: You have a somewhat thin skeletal
                  | structure. (Dex +2, Stealth+) [potion of mutation]
  5184 | D:6      | Lost mutation: You have a somewhat thin skeletal structure.
                  | (Dex +2, Stealth+) [potion of mutation]
  5184 | D:6      | Lost mutation: Your spells are a little easier to cast, but
                  | a little less powerful. [potion of mutation]
  5184 | D:6      | Gained mutation: Your natural rate of healing is unusually
                  | fast. [potion of mutation]
  5184 | D:6      | Gained mutation: You are somewhat resistant to further
                  | mutation. [potion of mutation]
  5184 | D:6      | Gained mutation: Your magical capacity is low. (-10% MP)
                  | [potion of mutation]
  5200 | D:6      | Found a shimmering altar of Xom.
  5245 | D:6      | Gained mutation: You are completely covered in sharp
                  | spines. [demonic ancestry]
  5245 | D:6      | Reached XP level 8. HP: 58/58 MP: 9/12
  5856 | D:6      | Reached * piety under Sif Muna
  6219 | D:7      | Found an ornate altar of the Wu Jian Council.
  6332 | D:7      | Noticed a troll
  6336 | D:7      | Killed a troll
  6337 | D:7      | Reached XP level 9. HP: 65/65 MP: 9/14
  6383 | D:7      | Noticed Maggie
  6402 | D:7      | Killed Maggie
  6403 | D:7      | Reached skill level 5 in Fire Magic
  6671 | D:8      | Found a blossoming altar of Fedhas.
  6677 | D:8      | Noticed Gastronok
  6820 | D:7      | Killed Gastronok
  6821 | D:7      | Reached skill level 5 in Fighting
  6821 | D:7      | Reached skill level 5 in Dodging
  6821 | D:7      | Reached skill level 5 in Spellcasting
  6821 | D:7      | Reached skill level 5 in Conjurations
  7033 | D:8      | Found an iron altar of Okawaru.
  7071 | D:8      | Found a flagged portal.
  7085 | Bailey   | Entered a bailey
  7372 | Bailey   | Gained mutation: You are mostly covered in slimy green
                  | scales. (AC +3) [demonic ancestry]
  7372 | Bailey   | Reached XP level 10. HP: 69/74 MP: 16/16
  7382 | Bailey   | Reached ** piety under Sif Muna
  7396 | Bailey   | Reached skill level 5 in Armour
  7438 | Bailey   | Noticed an orc knight
  7438 | Bailey   | Noticed an orc knight
  7447 | Bailey   | Learned a level 3 spell: Volatile Blastmotes
  7670 | Bailey   | Killed an orc knight
  7788 | Bailey   | Killed an orc knight
  7920 | Bailey   | Reached XP level 11. HP: 83/83 MP: 16/18
  8003 | D:8      | Noticed Maurice
  8017 | D:8      | Killed Maurice
  8099 | D:8      | Reached skill level 5 in Short Blades
  9606 | D:10     | Entered Level 10 of the Dungeon
  9607 | D:10     | Noticed a two-headed ogre
  9616 | D:10     | Killed a two-headed ogre
  9847 | D:10     | Found a staircase to the Lair.
  9870 | D:10     | Found Najetun's Book Emporium.
  9873 | D:10     | Noticed Snorg
  9886 | D:10     | Killed Snorg
  9894 | D:10     | Learned a level 4 spell: Flame Wave
  9901 | D:10     | Learned a level 6 spell: Plasma Beam
  9952 | D:10     | Found a staircase to the Orcish Mines.
  9964 | D:10     | Identified the +10 rapier of the Doomed Warrior {drain,
                  | Dex+2 Stlth+}
  9981 | D:10     | Found Lahiqow's CLEARANCE SALE!.
  9993 | D:10     | Reached *** piety under Sif Muna
 10014 | D:10     | Bought a potion of might for 24 gold pieces
 10014 | D:10     | Bought a scroll of fear for 24 gold pieces
 10277 | D:10     | Gained mutation: You are completely covered in slimy green
                  | scales. (AC +4, rPois) [demonic ancestry]
 10277 | D:10     | Reached XP level 12. HP: 80/91 MP: 17/20
 10416 | D:10     | Reached skill level 1 in Air Magic
 10639 | D:11     | Noticed a two-headed ogre
 10651 | D:11     | Killed a two-headed ogre
 11061 | D:11     | Noticed a four-headed hydra
 11073 | D:11     | Noticed a two-headed ogre
 11074 | D:11     | Killed a four-headed hydra
 11081 | D:11     | Killed a two-headed ogre
 11478 | D:12     | Noticed Lodul
 11478 | D:12     | Noticed a two-headed ogre
 11480 | D:12     | Killed a two-headed ogre
 11481 | D:12     | Reached skill level 5 in Invocations
 11735 | D:12     | Killed Lodul
 11963 | D:12     | Found a basalt altar of Yredelemnul.
 12017 | D:12     | Reached **** piety under Sif Muna
 12018 | D:12     | Gained mutation: You have large cloven feet. [demonic
                  | ancestry]
 12018 | D:12     | Reached XP level 13. HP: 90/98 MP: 3/22
 12137 | D:12     | Noticed Nessos
 12149 | D:12     | Killed Nessos
 12560 | D:12     | Noticed Fannar
 12575 | D:12     | Killed Fannar
 13909 | Lair:1   | Entered Level 1 of the Lair of Beasts
 14409 | Lair:1   | Reached ***** piety under Sif Muna
 15076 | Lair:2   | Found a gate leading to a gauntlet.
 15087 | Gauntlet | Entered a Gauntlet
 15087 | Gauntlet | Found a transporter.
 15087 | Gauntlet | Found a transporter.
 15088 | Gauntlet | Found a transporter.
 15089 | Gauntlet | Found a transporter.
 15089 | Gauntlet | Found a transporter.
 15093 | Gauntlet | Found a transporter.
 15112 | Gauntlet | Found a transporter.
 15113 | Gauntlet | Found a transporter.
 15116 | Gauntlet | Found a transporter.
 15116 | Gauntlet | Found a transporter.
 15118 | Gauntlet | Noticed a cacodemon
 15120 | Gauntlet | Found a runed translucent door.
 15130 | Gauntlet | Found a runed translucent door.
 15132 | Gauntlet | Found a transporter.
 15132 | Gauntlet | Found a transporter.
 15324 | Gauntlet | Received a gift from Sif Muna
 15332 | Gauntlet | Got Sif Muna's Papyrus of Shifting Blasting {god gift}
 15338 | Gauntlet | Learned a level 4 spell: Sticky Flame
 15344 | Gauntlet | Learned a level 5 spell: Fireball
 15613 | Gauntlet | Noticed a minotaur
 15623 | Gauntlet | Killed a minotaur
 15631 | Gauntlet | Identified the staff of air "Nuptupsi" {Fragile rElec rPois
                  | Int+7 SInv}
 15631 | Gauntlet | Identified the staff of death "Hioci" {*Slow rN+ Str+3
                  | Int+2}
 15901 | Lair:2   | Gained mutation: Spells you cast may paralyse nearby
                  | enemies. [demonic ancestry]
 15901 | Lair:2   | Reached XP level 14. HP: 108/108 MP: 24/24
 16041 | Lair:2   | Found a staircase to the Shoals.
 16920 | Lair:3   | Found a staircase to the Snake Pit.
 17528 | Lair:4   | Reached skill level 5 in Air Magic
 17834 | Lair:4   | Found a viscous altar of Jiyva.
 17834 | Lair:4   | Found a staircase to the Slime Pits.
 18383 | Lair:4   | Identified the +1 leather armour of Impermeability {Will+
                  | Dex+6}
 19026 | Lair:5   | Entered Level 5 of the Lair of Beasts
 19069 | Lair:5   | Received a gift from Sif Muna
 19099 | Lair:5   | Got Sif Muna's Octavo of Cunning Orientation {god gift}
 19112 | Lair:4   | Learned a level 2 spell: Blink
 19252 | Lair:5   | Gained mutation: You have hoof-like feet. [demonic
                  | ancestry]
 19252 | Lair:5   | Reached XP level 15. HP: 95/115 MP: 9/25
 19480 | Lair:5   | Learned a level 5 spell: Arcjolt
 19793 | Lair:5   | Reached skill level 10 in Fighting
 20153 | Lair:5   | Identified the +4 trident of Nightmares {antimagic, rElec}
 20550 | Orc:1    | Entered Level 1 of the Orcish Mines
 20960 | Orc:2    | Entered Level 2 of the Orcish Mines
 21023 | Orc:2    | Received a gift from Sif Muna
 21187 | Orc:2    | Reached skill level 5 in Long Blades
 21349 | Orc:2    | Found a runed translucent door.
 21349 | Orc:2    | Found a shimmering altar of Xom.
 21349 | Orc:2    | Noticed adizb's ghost (novice AtFi)
 21368 | Orc:2    | Found Xuly's Distillery.
 21413 | Orc:2    | Killed adizb's ghost
 21602 | Orc:2    | Noticed Josephine
 21626 | Orc:2    | Killed Josephine
 21696 | Orc:2    | Paralysed by an orc sorcerer for 2 turns
 21732 | Orc:2    | Found a staircase to the Elven Halls.
 21824 | Orc:2    | Noticed Donald
 21839 | Orc:2    | Noticed Rupert
 21843 | Orc:2    | Killed Donald
 21846 | Orc:2    | Paralysed by Rupert for 3 turns
 21852 | Orc:2    | Killed Rupert
 21853 | Orc:2    | Reached skill level 10 in Conjurations
 22020 | Orc:2    | Paralysed by an orc sorcerer for 3 turns
 22177 | Orc:2    | Upgraded the game from 0.30.0-17-ge0270778cf to
                  | 0.30.0-18-gc0e69614cb
 22266 | Orc:2    | Paralysed by an orc sorcerer for 3 turns
 22272 | Orc:2    | Paralysed by an orc sorcerer for 3 turns
 22761 | Orc:1    | Reached skill level 10 in Invocations
 23209 | Orc:2    | Found a radiant altar of Vehumet.
 23214 | Orc:2    | Found Kyesehu's Antique Weapon Emporium.
 23228 | Orc:2    | Received a gift from Sif Muna
 23231 | Orc:2    | Got Sif Muna's Meditations on Profane Words and the Evil
                  | Eye {god gift}
 23236 | Orc:2    | Found Eriun's Magic Scroll Shoppe.
 23240 | Orc:2    | Paralysed by an orc sorcerer for 2 turns
 23251 | Orc:2    | Paralysed by an orc sorcerer for 3 turns
 23258 | Orc:2    | Found Vehupp's Distillery.
 23264 | Orc:2    | Reached skill level 1 in Shields
 23296 | Orc:2    | Bought a scroll of acquirement for 676 gold pieces
 23313 | Orc:2    | Bought a transparent falchion for 256 gold pieces
 23313 | Orc:2    | Identified the +10 falchion "Uhotuo Derr" {holy, rElec rC-
                  | MP+9 Dex+7} (You bought it in a shop on level 2 of the
                  | Orcish Mines)
 23313 | Orc:2    | Acquired the +7 kite shield of Yesterday {rN+ MP+9 Dex-5
                  | SInv}
 23317 | Orc:2    | Found an ancient bone altar of Kikubaaqudgha.
 23334 | Orc:2    | Found Vobizo's Book Shoppe.
 23601 | Elf:1    | Entered Level 1 of the Elven Halls
 23663 | Elf:1    | Slain by a +2 battleaxe of holy wrath

Illustrated notes

Levels and vault maps discovered:
D:1:      minmay_arrival_stone_box, layout_basic, shapermc_ecumenical_altar_gd,
          serial_shops, nicolae_shop_hallway_plus
D:2:      layout_basic, grunt_decor_resistance, hangedman_decor_growths,
          kennysheep_boxes
D:3:      layout_basic, uniq_ijyb
D:4:      layout_cave_pods, serial_shops, nicolae_shop_crystal
D:5:      layout_rooms, cheibrodos_sewer_entry_bend, nicolae_shop_firing_range
D:6:      layout_loops_ring, nicolae_overflow_hidden_temple,
          minmay_temple_entry_overgrown, chequers_serial_rivers_large_b
D:7:      layout_rooms, mainiacjoe_overflow_concentric_impassable,
          kennysheep_generic_room_10, uniq_maggie
D:8:      layout_basic, mainiacjoe_overflow_large_starburst, enter_bailey_3,
          uniq_maurice, uniq_gastronok
D:9:      layout_roguey
D:10:     cheibrodos_statue_roulette, layout_basic, erik_lair_orcish_takeover,
          serial_shops, shop, nicolae_shop_clearance, uniq_snorg
D:11:     lemuel_ice_spiral_2, layout_basic, chequers_serial_rivers_room_a
D:12:     layout_stronghold, nicolae_yredelemnul_corpse_copse, uniq_nessos,
          uniq_fannar, uniq_lodul
D:13:     layout_small_grid, david_vaults_1
Temple:   dpeg_three_leaves_temple
Lair:1:   layout_roguey, serial_rivers, chequers_serial_rivers_room_a,
          chequers_serial_rivers_micro_c, chequers_serial_rivers_small_3,
          chequers_serial_rivers_micro_e, serial_bayou_shore_b,
          grunt_megastairs_5
Lair:2:   layout_loops_ring, minmay_shoals_entry_lonely_mermaid,
          gauntlet_entry_generic, grunt_megastairs_4, serial_bayou_shore_a
Lair:3:   layout_misc_corridors, dummy_snake_entry, grunt_megastairs_3
Lair:4:   beast_lair_carwin_large_2, layout_gridlike,
          minmay_slime_entry_oklob_open, infiniplex_staircase_pool
Lair:5:   gammafunk_lair_ancient_temple, layout_loops_ring
Orc:1:    layout_caves
Orc:2:    kennysheep_orc_mage_school, layout_caves, ebering_ghost_xom,
          basic_altar, serial_shops, nicolae_shop_industrial_runoff,
          mines1_david, uniq_josephine, uniq_donald, uniq_rupert
Elf:1:    layout_loops_ring, serial_shops, nicolae_shop_waterfront,
          nicolae_trove_entry_crystal, minivault_28,
          serial_sigils_hangedman_writhe,
          nicolae_elf_vaults_five_recruitment_drive

Skill      XL: |  1  2  3  4  5  6  7  8  9 10 11 12 13 14 15 |
---------------+----------------------------------------------+-----
Stealth        | 2 |  2.6
Dodging        | 2 3 4 5 6 7 8 9 |  9.6
Fire Magic     | 3 4 5 6 7 8 9 |  9.7
Armour         | 1 2 3 4 6 7 8 9 |  9.4
Fighting       | 1 2 3 4 5 6 7 8 9 10 | 10.3
Conjurations   | 2 3 4 5 6 7 8 9 10 | 10.1
Short Blades   | 1 2 3 4 5 6 7 |  7.6
Spellcasting   | 3 4 5 6 7 8 9 |  9.8
Long Blades    | 3 4 5 |  5.5
Invocations    | 3 6 7 9 10 | 10.1
Air Magic      | 3 4 5 6 |  6.5
Shields        | 1 |  1.5

Action                     |  1- 3 |  4- 6 |  7- 9 | 10-12 | 13-15 || total
---------------------------+-------+-------+-------+-------+-------++-------
  Melee: Short sword       |    52 |    53 |   162 |   102 |       ||   369
         Punch             |       |       |     1 |     3 |     9 ||    13
         Rapier            |       |       |       |    70 |   481 ||   551
         Kick              |       |       |       |       |   185 ||   185
   Cast: Foxfire           |    63 |    33 |    57 |    98 |   196 ||   447
         Scorch            |     2 |    16 |    43 |    81 |   149 ||   291
         Volatile Blastmot |       |       |       |    18 |     6 ||    24
         Flame Wave        |       |       |       |     3 |    26 ||    29
         Sticky Flame      |       |       |       |       |    33 ||    33
         Fireball          |       |       |       |       |    45 ||    45
         Plasma Beam       |       |       |       |       |     7 ||     7
         Arcjolt           |       |       |       |       |     4 ||     4
         Blink             |       |       |       |       |     1 ||     1
    Use: Scroll            |       |       |    16 |     8 |     4 ||    28
         Potion            |       |       |     2 |     2 |     4 ||     8
   Stab: Paralysed         |    15 |    15 |    30 |    40 |    28 ||   128
         Sleeping          |     2 |     2 |     4 |     9 |     4 ||    21
         Distracted        |       |       |       |       |     2 ||     2
 Armour: Robe              |    10 |     4 |     3 |       |       ||    17
         Skin              |       |     4 |       |       |       ||     4
         Troll leather arm |       |       |    20 |    43 |   183 ||   246
  Dodge: Dodged            |    31 |    22 |    82 |   172 |   446 ||   753
  Block: Other             |       |       |    26 |    49 |   118 ||   193
         Reflection        |       |       |     8 |     1 |     2 ||    11
         Kite shield       |       |       |       |       |    19 ||    19
